Map: Odyssey LE

Players

Bly - Winner!

  • Race: Zerg Zerg
  • Spawn Location: 5:00

Sitaska

  • Race: Zerg Zerg
  • Spawn Location: 11:00

Event: WCS Valencia 2017

VOD

Have the link to the VOD?

Description

Time

  • Played on: July 13, 2017, 6:11 a.m.
  • Length: 3:31

All games in this series

Show
View Real Time Build Order
Export as new Build Order

Bly Zerg - Winner!

Build Orders: Pool Only 

Get SALT Encoding   

  12  0:01  Drone  
  13  0:15  Extractor  
  13  0:16  Drone x2  
  14  0:33  Spawning Pool  
  13  0:38  Drone  
  13  0:42  Extractor  
  13  0:43  Drone  
  15  0:55  Overlord  
  15  1:20  Queen, Zergling x2, Metabolic Boost  
  15  1:22  Zergling x2  
  19  1:26  Zergling x2  
  20  1:35  Baneling Nest  
  20  1:39  Zergling x2  
  20  1:46  Zergling x2  
  21  1:52  Zergling x2  
  22  2:03  Overlord  
  22  2:22  Baneling x4  
  22  2:25  Zergling x4  
  22  2:28  Zergling x2  
  22  2:29  Zergling x4  
  27  2:37  Baneling  
  27  2:39  Zergling x2  
  28  2:53  Zergling x2  
  28  3:03  Zergling x2  
  29  3:11  Baneling  
Show
View Real Time Build Order
Export as new Build Order

Sitaska Zerg 

Build Orders: Hatch First 

Get SALT Encoding   

  12  0:00  Drone  
  13  0:12  Overlord  
  13  0:17  Drone  
  14  0:31  Drone x2  
  16  0:35  Drone  
  17  0:55  Hatchery  
  17  0:56  Drone  
  17  1:03  Extractor, Drone  
  17  1:17  Spawning Pool  
  16  1:19  Drone  
  17  1:26  Drone  
  18  1:33  Drone  
  19  1:43  Overlord  
  19  2:04  Drone x2  
  19  2:05  Baneling Nest  
  19  2:06  Queen  
  19  2:08  Zergling x2  
  23  2:13  Queen  
  25  2:17  Zergling x2  
  26  2:28  Overlord  
  26  2:29  Zergling x2  
  27  2:30  Zergling x2  
  28  2:38  Drone  
  28  2:43  Drone x2  
  28  3:00  Zergling x4  
Tags
 
Add a new tag
Caveats
  • Supply blocks, unpowered buildings, or Contaminate may cause inaccurate times.
  • Supply counts are checked every 10 seconds.